 Dungeon Crawl Stone Soup version 0.28.0 (webtiles) character file.

Game seed: 9468537627332071539

2821 emikaela the Thaumaturge (level 10, -7/67 HPs)
             Began as a Djinni Hedge Wizard on Feb 13, 2022.
             Was a Follower of Uskayaw.
             Mangled by an orc warrior (13 damage)
             ... in a bailey.
             The game lasted 00:33:49 (12112 turns).

emikaela the Thaumaturge (Djinni Hedge Wizard)     Turns: 12112, Time: 00:33:50

Health: -7/67      AC:  9    Str: 15    XL:     10   Next: 3%
Gold:   278        EV: 12    Int: 20    God:    Uskayaw [*.....] SH:  0 Dex: 13

rFire   + + .      SeeInvis .   h - +1 rapier (drain)
rCold   x . .      Faith    .   (no shield)
rNeg    . . .      Spirit   .   G - +2 acid dragon scales
rPois   ∞          Reflect  .   c - +0 hat
rElec   .          Harm     .   (no cloak)
rCorr   +          Rampage  .   w - +0 pair of gloves
Will    +....                   (boots unavailable)
Stlth   ++........              (no amulet)
HPRegen 0.21/turn               k - +6 ring of strength
MPRegen 0.00/turn               (no ring)

@: flying
A: sickness immunity, fire resistance 2, cold vulnerability 1, float, innate
caster, HP casting, extra vitality 1
a: Renounce Religion, Stomp


You were in a bailey.
You worshipped Uskayaw.
Uskayaw was noncommittal.
You visited 1 branch of the dungeon, and saw 7 of its levels.
You also visited: Sewer and Bailey.

You collected 278 gold pieces.

Inventory:

Hand Weapons
 h - a +1 rapier of draining (weapon)
Missiles
 f - 49 bolts
 n - a throwing net {!f}
 o - 61 arrows
 s - 239 stones (quivered)
 t - 8 curare-tipped darts {!f}
 D - 11 poisoned darts
 S - 53 sling bullets
Armour
 b - a +0 robe
 c - a +0 hat (worn)
 u - a +0 kite shield
 w - a +0 pair of gloves (worn)
 G - +2 acid dragon scales (worn)
 H - the +1 ring mail of Boaryqyw {rC+ Str+4}
   (You found it on level 2 of the Dungeon)

   Str:       It affects your strength (+4).
   rC:        It protects you from cold.
Magical Staves
 l - a staff of earth
Jewellery
 k - a +6 ring of strength (left hand)
 q - a ring of fire
 B - a ring of protection from cold
Wands
 P - a wand of paralysis (3)
Scrolls
 g - 3 scrolls of fog
 j - a scroll of summoning {unknown}
 m - a scroll of magic mapping
 p - 3 scrolls of teleportation
 y - a scroll of amnesia {unknown}
 z - a scroll of blinking {unknown}
 E - 2 scrolls of enchant weapon {unknown}
 F - a scroll of enchant armour {unknown}
 I - a scroll of vulnerability {unknown}
Potions
 a - a potion of brilliance
 d - 2 potions of haste {unknown}
 e - a potion of might
 i - a potion of lignification {unknown}
 r - a potion of mutation {!q}
 v - 4 potions of heal wounds
 x - 8 potions of curing {unknown}
 A - 2 potions of ambrosia
 C - a potion of cancellation


   Skills:
 - Level 3.0 Fighting
 - Level 3.0 Dodging
 - Level 2.3 Stealth
 * Level 8.6 Spellcasting
 - Level 6.0 Invocations


You had 6 spell levels left.
You knew the following spells:

 Your Spells              Type           Power      Damage    Failure   Level
a - Magic Dart            Conj           100%       1d8       1%          1
b - Call Imp              Summ           43%        N/A       1%          2
c - Mephitic Cloud        Conj/Pois/Air  43%        N/A       1%          3
d - Wereblood             Tmut           43%        N/A       1%          2
f - Conjure Flame         Conj/Fire      43%        6-21      1%          3
l - Blink                 Tloc           86%        N/A       1%          2
n - Sting                 Tmut/Pois      100%       1d8       1%          1
s - Slow                  Hex            100%       N/A       1%          1
t - Confusing Touch       Hex            43%        N/A       1%          3
v - Poisonous Vapours     Pois/Air       86%        N/A       1%          2
Your spell library was empty.

Dungeon Overview and Level Annotations

Branches:
Dungeon (7/15)              Sewer (visited)          Bailey (1/1)
 Temple: D:4-7

Altars:
Cheibriados
Fedhas
Uskayaw
Xom


Innate Abilities, Weirdness & Mutations

You are immune to sickness and miasma.
You are immune to poison.
Your flesh is very heat resistant. (rF++)
You are vulnerable to cold. (rC-)
You float through the air rather than walking.
You learn spells naturally, not from books.
Your magical power is your life essence.
You have superior vitality. (+4 MHP)


Message History

The magic dart hits the orc but does no damage.
The orc is almost dead.
* * * LOW HITPOINT WARNING * * *
You kill the orc!
An orc warrior comes into view. It is wielding a +0 glaive.
Casting: Magic Dart (safe; 1% risk of failure)
Confirm with . or Enter, or press ? or * to list all spells.
Aiming: Poisonous Vapours (safe; 1% risk of failure)
Press: ? - help, Dir - move target, f - orc warrior
Aim: an orc warrior, wielding a +0 glaive and wearing a +0 plate armour (wandering, hasn't noticed you) Poisonous vapours surround the orc warrior!
The orc warrior is poisoned.
The orc warrior shouts!
* * * LOW HITPOINT WARNING * * *
Casting: Poisonous Vapours (safe; 1% risk of failure)
Confirm with . or Enter, or press ? or * to list all spells.
Aiming: Poisonous Vapours (safe; 1% risk of failure)
Press: ? - help, Dir - move target, f/p - orc warrior
Aim: an orc warrior, wielding a +0 glaive and wearing a +0 plate armour (very poisoned) Poisonous vapours surround the orc warrior!
The orc warrior looks as sick as possible!
* * * LOW HITPOINT WARNING * * *
Casting: Poisonous Vapours (safe; 1% risk of failure)
Confirm with . or Enter, or press ? or * to list all spells.
Aiming: Poisonous Vapours (safe; 1% risk of failure)
Press: ? - help, Dir - move target, f/p - orc warrior
Aim: an orc warrior, wielding a +0 glaive and wearing a +0 plate armour (lightly wounded, extremely poisoned) Poisonous vapours surround the orc warrior!
The orc warrior looks as sick as possible!
* * * LOW HITPOINT WARNING * * *
Casting: Poisonous Vapours (safe; 1% risk of failure)
Confirm with . or Enter, or press ? or * to list all spells.
Aiming: Poisonous Vapours (safe; 1% risk of failure)
Press: ? - help, Dir - move target, f/p - orc warrior
Aim: an orc warrior, wielding a +0 glaive and wearing a +0 plate armour (lightly wounded, extremely poisoned) Poisonous vapours surround the orc warrior!
The orc warrior looks as sick as possible!
* * * LOW HITPOINT WARNING * * *
The orc warrior hits you from afar with a +0 glaive!
You die...

♣♣♣♣♣♣♣♣ ♣♣.....@♣♣
♣........♣
#♣..∩)o∩..♣#
#..........#
##)......)..##
###.....)......#
♣♣..........).♣.#
#♣..♣.♣.......♣♣.##
#≈≈.......).)......♣


You could see an orc warrior (extremely poisoned).

Vanquished Creatures
  An orc knight (Bailey)
  Maggie (D:6)
  4 orc warriors (Bailey)
  2 ice beasts
  A black bear (D:5)
  2 ogres
  2 phantoms
  4 kobold brigands
  3 scorpions
  A centaur zombie (D:6)
  5 hounds
  2 centaur skeletons
  An orc priest (D:6)
  Natasha (thrice) (D:3)
  An iguana (D:6)
  An orc wizard (D:5)
  A howler monkey zombie (D:7)
  7 gnolls
  9 adders
  2 white imps (D:6)
  An ufetubus (D:6)
  8 worms
  4 dart slugs
  16 orcs
  6 bats
  6 endoplasms
  5 giant cockroaches
  4 goblins
  4 hobgoblins
  12 jackals
  13 kobolds
  3 quokkas
  6 ball pythons
  4 frilled lizards
  8 rats
153 creatures vanquished.

Vanquished Creatures (collateral kills)
  A hound skeleton (D:4)
  A white imp (D:6)
  An adder skeleton (D:4)
  A hobgoblin (D:1)
4 creatures vanquished.

Vanquished Creatures (others)
  30 plants
30 creatures vanquished.

Grand Total: 187 creatures vanquished

Notes
Turn   | Place    | Note
-------+----------+-------------------------------------------
     0 | D:1      | emikaela the Djinni Hedge Wizard began the quest for the
                  | Orb.
     0 | D:1      | Reached XP level 1. HP: 15/15 MP: 0/0
   179 | D:1      | Reached XP level 2. HP: 13/21 MP: 0/0
   772 | D:1      | Reached XP level 3. HP: 18/25 MP: 0/0
   772 | D:1      | Learned a level 1 spell: Sting
  2045 | D:2      | Identified the +1 ring mail of Boaryqyw {rC+ Str+4}
  2225 | D:2      | Reached XP level 4. HP: 25/31 MP: 0/0
  2547 | D:2      | Reached skill level 3 in Spellcasting
  2811 | D:3      | Found a faded altar of an unknown god.
  2815 | D:3      | Noticed Natasha
  3194 | D:3      | Prayed at the altar of an unknown god.
  3194 | D:3      | Became a worshipper of Uskayaw the Reveller
  3194 | D:3      | Reached * piety under Uskayaw
  3269 | D:3      | Reached ** piety under Uskayaw
  3590 | D:3      | Killed Natasha
  3591 | D:3      | Reached skill level 1 in Invocations
  3688 | D:3      | Noticed Natasha
  3693 | D:3      | Killed Natasha
  3694 | D:3      | Reached XP level 5. HP: 12/35 MP: 0/0
  3694 | D:3      | Learned a level 2 spell: Poisonous Vapours
  4067 | D:3      | Noticed Natasha
  4077 | D:3      | Killed Natasha
  4332 | D:3      | Found a snail-covered altar of Cheibriados.
  4536 | D:3      | Reached XP level 6. HP: 23/40 MP: 0/0
  5090 | D:4      | Found a glowing drain.
  5105 | Sewer    | Entered a sewer
  5173 | Sewer    | Reached skill level 4 in Spellcasting
  5181 | Sewer    | Reached XP level 7. HP: 14/45 MP: 0/0
  5181 | Sewer    | Learned a level 2 spell: Wereblood
  6606 | D:4      | Found a hide-covered altar of Uskayaw.
  7582 | D:4      | Reached skill level 5 in Spellcasting
  7582 | D:4      | Reached XP level 8. HP: 41/50 MP: 0/0
  7726 | D:4      | Reached *** piety under Uskayaw
  7730 | D:4      | Reached skill level 5 in Invocations
  7951 | D:5      | Entered Level 5 of the Dungeon
  7963 | D:5      | Found a shimmering altar of Xom.
  8037 | D:5      | Reached skill level 1 in Fighting
  8428 | D:5      | Found a blossoming altar of Fedhas.
  8544 | D:5      | You are sucked into a shaft and drop 1 floor!
  9155 | D:5      | Reached **** piety under Uskayaw
  9466 | D:5      | Reached skill level 6 in Spellcasting
  9860 | D:6      | Reached XP level 9. HP: 52/59 MP: 0/0
  9860 | D:6      | Learned a level 3 spell: Confusing Touch
 10926 | D:6      | Noticed Maggie
 10937 | D:6      | HP: 2/60 [Maggie (14)]
 10947 | D:6      | Killed Maggie
 10948 | D:6      | Reached skill level 7 in Spellcasting
 11699 | D:7      | Found a flagged portal.
 11814 | Bailey   | Entered a bailey
 11974 | Bailey   | Noticed an orc knight
 12004 | Bailey   | Reached skill level 8 in Spellcasting
 12004 | Bailey   | Killed an orc knight
 12005 | Bailey   | Reached XP level 10. HP: 3/67 MP: 0/0
 12112 | Bailey   | Mangled by an orc warrior

Illustrated notes

Levels and vault maps discovered:
D:1:      psy_arrival_spokes, layout_loops_ring, minmay_pentomino_w2
D:2:      layout_loops_ring, hangedman_decor_riveting
D:3:      layout_loops_ring, mainiacjoe_overflow_tiny_flanked,
          basic_ecumenical_altar, kennysheep_small_spiral, uniq_natasha
D:4:      layout_rooms, overflow_temple_1_default, cheibrodos_sewer_entry_bend
D:5:      nicolae_cairo_tiling, layout_basic, mainiacjoe_overflow_catch_the_wave
D:6:      layout_loops_ring, lexackson_kobold_supper, uniq_maggie
D:7:      layout_basic, mainiacjoe_overflow_small_starburst,
          minmay_temple_entry_crystal_x, enter_bailey_2, kb_rosetta
Bailey:   bailey_polearm_elven_captive_hellmonk, bailey

Skill      XL: |  1  2  3  4  5  6  7  8  9 |
---------------+----------------------------+-----
Stealth        | 2 |  2.3
Dodging        | 3 |  3.0
Spellcasting   | 3 4 5 6 8 |  8.6
Invocations    | 1 2 3 4 5 6 |  6.0
Fighting       | 2 3 |  3.0

Action                   |  1- 3 |  4- 6 |  7- 9 | 10-12 || total
-------------------------+-------+-------+-------+-------++-------
Melee: Rapier            |     1 |     8 |   103 |       ||   112
       Punch             |       |       |     3 |       ||     3
 Cast: Magic Dart        |    70 |    62 |    96 |     6 ||   234
       Slow              |     1 |     1 |     1 |       ||     3
       Sting             |    18 |    34 |     7 |       ||    59
       Call Imp          |     1 |     1 |     7 |       ||     9
       Poisonous Vapours |       |    22 |   181 |     7 ||   210
       Mephitic Cloud    |       |       |     9 |       ||     9
       Conjure Flame     |       |       |     3 |       ||     3
       Confusing Touch   |       |       |     1 |       ||     1
Invok: Stomp             |       |       |     1 |       ||     1
Evoke: Wand              |       |       |     1 |       ||     1
  Use: Scroll            |       |       |    11 |       ||    11
 Stab: Distracted        |       |     1 |     2 |       ||     3
       Sleeping          |       |     2 |     1 |       ||     3
       Confused          |       |       |     7 |       ||     7
       Paralysed         |       |       |     4 |       ||     4
Armor: Robe              |     1 |     3 |    24 |       ||    28
       Acid dragon scale |       |       |     7 |       ||     7
Dodge: Dodged            |     9 |    20 |    93 |       ||   122
